 Dungeon Crawl Stone Soup version 0.28.0-45-g0d030f2227 (webtiles) character file.

Game seed: 11258621701788780235

3112 Peloso the Carver (level 9, 0/78 HPs)
             Began as a Minotaur Fighter on Mar 30, 2022.
             Was a Follower of Okawaru.
             Slain by a water moccasin (2 damage)
             ... on level 7 of the Dungeon.
             The game lasted 00:14:01 (6709 turns).

Peloso the Carver (Minotaur Fighter)                Turns: 6709, Time: 00:14:03

Health: 0/78       AC: 18    Str: 22    XL:     9   Next: 60%
Magic:  6/8        EV:  9    Int:  5    God:    Okawaru [*.....]
Gold:   286        SH: 13    Dex: 13    Spells: 8/8 levels left

rFire   . . .      SeeInvis .   a - +0 long sword
rCold   . . .      Faith    .   c - +1 kite shield {reflect}
rNeg    . . .      Spirit   .   D - +0 plate armour
rPois   .          Reflect  +   (helmet restricted)
rElec   .          Harm     .   o - +0 cloak
rCorr   .          Rampage  .   (no gloves)
Will    .....                   (no boots)
Stlth   ..........              (no amulet)
HPRegen 0.23/turn               (no ring)
MPRegen 0.11/turn               (no ring)

@: heroic
A: horns 2, retaliatory headbutt
a: Renounce Religion, Heroism


You were on level 7 of the Dungeon.
You worshipped Okawaru.
Okawaru was aware of your devotion.
You visited 2 branches of the dungeon, and saw 8 of its levels.

You collected 286 gold pieces.

Inventory:

Hand Weapons
 a - a +0 long sword (weapon)
 b - a +0 dagger of flaming
Missiles
 A - a throwing net (quivered)
Armour
 c - a +1 kite shield of reflection (worn)
 g - a +0 chain mail
 o - a +0 cloak (worn)
 D - a +0 plate armour (worn)
Jewellery
 h - an amulet of faith
Wands
 t - a wand of iceblast (9)
 w - a wand of acid (10)
 x - a wand of charming (6)
Scrolls
 e - a scroll of magic mapping {unknown}
 f - 3 scrolls of enchant armour {unknown}
 i - 2 scrolls of fear {unknown}
 k - 4 scrolls of identify {unknown}
 m - a scroll of noise {unknown}
 r - a scroll of teleportation {unknown}
 s - a scroll of immolation {unknown}
 u - a scroll of blinking {unknown}
 y - a scroll of enchant weapon {unknown}
 z - a scroll of vulnerability {unknown}
 B - a scroll of silence {unknown}
 C - a scroll of amnesia {unknown}
Potions
 d - 2 potions of might
 j - 3 potions of flight {unknown}
 n - a potion of haste {unknown}
 p - a potion of invisibility {unknown}
 q - a potion of berserk rage {unknown}
 v - 2 potions of mutation {unknown}


   Skills:
 + Level 6.9(11.9) Fighting
 + Level 10.1(15.1) Long Blades
 + Level 9.3(14.3) Armour
 + Level 3.7(8.7) Dodging
 + Level 1.2(6.2) Stealth
 + Level 6.9(11.9) Shields


You had 8 spell levels left.
You didn't know any spells.
Your spell library contained the following spells:

 Spells                   Type           Power      Damage    Failure   Level
 Shock                    Conj/Air       0%         1d3       100%        1
 Ensorcelled Hibernation  Hex/Ice        0%         N/A       100%        2
 Passwall                 Tmut/Erth      0%         N/A       100%        2
 Swiftness                Air            0%         N/A       100%        3
 Airstrike                Air            0%         N/A       100%        4
 Hailstorm                Conj/Ice       0%         3d3       100%        4
 Ice Form                 Ice/Tmut       0%         N/A       100%        4
 Simulacrum               Ice/Necr       Unusable   N/A       N/A         6

Dungeon Overview and Level Annotations

Branches:
Dungeon (7/15)             Temple (1/1) D:7

Altars:
Ashenzari
Dithmenos
Fedhas
Gozag
Nemelex Xobeh
Okawaru
Ru
Sif Muna
Trog
Uskayaw
Vehumet
Wu Jian
Xom
Zin
The Shining One

Shops:
D:6 :


Innate Abilities, Weirdness & Mutations

You have a pair of horns on your head.
You reflexively headbutt those who attack you in melee.


Message History

The troll claws you but does no damage. The troll barely misses you.
You hit the troll.
The troll is severely wounded.
You block the water moccasin's attack. The troll bites you!
* * * LOW HITPOINT WARNING * * *
You block the troll's attack. x2
The water moccasin bites you but does no damage.
You barely miss the troll.
The troll is severely wounded.
The water moccasin barely misses you. You furiously retaliate!
You headbutt the water moccasin! The troll bites you.
* * * LOW HITPOINT WARNING * * *
The troll claws you but does no damage. The troll claws you!
* * * LOW HITPOINT WARNING * * *
You hit the troll but do no damage.
The troll is severely wounded.
The water moccasin barely misses you. You furiously retaliate!
You headbutt the water moccasin. The troll bites you.
* * * LOW HITPOINT WARNING * * *
You block the troll's attack. x2
The water moccasin bites you but does no damage.
You feel better. The troll bites you.
* * * LOW HITPOINT WARNING * * *
You block the troll's attack. x2; You block the water moccasin's attack.
You gain the combat prowess of a mighty hero.
You block the water moccasin's attack. The troll closely misses you.
The troll barely misses you. The troll claws you but does no damage.
You completely miss the troll. Your headbutt misses the troll.
The troll is heavily wounded.
The water moccasin barely misses you. You furiously retaliate!
You headbutt the water moccasin. You block the troll's attack. x2
The troll claws you!
* * * LOW HITPOINT WARNING * * *
You slash the troll!
The troll is severely wounded.
You block the water moccasin's attack. The troll barely misses you.
The troll closely misses you. The troll claws you.
* * * LOW HITPOINT WARNING * * *
The water moccasin bites you.
You die...

.####.♣.♣...##.# .#
#..>....##.# .#
#.♣†♣......#
#.....#.####
#.......# #.###.#.#
##### #.# #.#.# #...
# #.# #.#÷####T#
....# #......S@# .
.##..####.######....
...)..†h............
.###.#T#######..##.#
#.. .# #=#. # ###.Z
#. ..


You could see a troll and a water moccasin.

Vanquished Creatures
  A gargoyle (D:6)
  A slime creature (D:7)
  3 orc warriors (D:6)
  An ice beast (D:5)
  3 black bears
  An ogre (D:4)
  2 centaurs (D:5)
  A phantom (D:4)
  Blork the orc (D:6)
  2 gnoll sergeants (D:6)
  A water moccasin zombie (D:5)
  5 scorpions
  A water moccasin skeleton (D:4)
  A killer bee (D:7)
  4 howler monkeys (D:7)
  A bullfrog zombie (D:6)
  3 centaur zombies
  2 hounds
  Crazy Yiuf (D:2)
  A gnoll shaman (D:6)
  A centaur skeleton (D:5)
  3 iguanas (D:6)
  3 orc wizards
  A killer bee zombie (D:5)
  6 gnolls (D:6)
  2 howler monkey skeletons
  2 adders
  A shadow imp (D:5)
  2 worms
  4 dart slugs
  9 orcs
  4 ball pythons
  6 endoplasms
  3 giant cockroaches
  10 goblins
  7 hobgoblins
  6 kobolds
  2 quokkas
  4 bats
  3 frilled lizards
  4 rats
119 creatures vanquished.

Vanquished Creatures (others)
  18 plants
18 creatures vanquished.

Grand Total: 137 creatures vanquished

Notes
Turn   | Place    | Note
-------+----------+-------------------------------------------
     0 | D:1      | Peloso the Minotaur Fighter began the quest for the Orb.
     0 | D:1      | Reached XP level 1. HP: 19/19 MP: 0/0
   112 | D:1      | Reached XP level 2. HP: 16/27 MP: 1/1
  1039 | D:2      | Reached XP level 3. HP: 30/33 MP: 2/2
  1156 | D:2      | You fall into a shaft and drop 1 floor!
  1258 | D:3      | Found a faded altar of an unknown god.
  1271 | D:3      | Noticed a scorpion
  1274 | D:3      | Killed a scorpion
  1275 | D:3      | Reached skill level 3 in Long Blades
  1275 | D:3      | Reached XP level 4. HP: 33/40 MP: 3/3
  1967 | D:2      | Found a runed translucent door.
  1968 | D:2      | Noticed Crazy Yiuf
  2124 | D:2      | Noticed a scorpion
  2128 | D:2      | Killed a scorpion
  2129 | D:2      | Reached skill level 4 in Long Blades
  2129 | D:2      | Reached XP level 5. HP: 47/47 MP: 4/4
  2143 | D:2      | Reached skill level 5 in Armour
  2340 | D:2      | Killed Crazy Yiuf
  2341 | D:2      | Reached skill level 1 in Dodging
  2480 | D:4      | Noticed an ogre
  2493 | D:4      | Killed an ogre
  2494 | D:4      | Reached skill level 5 in Long Blades
  2494 | D:4      | Reached XP level 6. HP: 19/53 MP: 5/5
  3139 | D:4      | Reached skill level 5 in Fighting
  3139 | D:4      | Reached skill level 6 in Long Blades
  3139 | D:4      | Reached XP level 7. HP: 56/61 MP: 6/6
  3319 | D:5      | Entered Level 5 of the Dungeon
  3548 | D:5      | Found a blossoming altar of Fedhas.
  3610 | D:5      | Reached skill level 7 in Long Blades
  3860 | D:5      | Reached skill level 1 in Stealth
  3860 | D:5      | Reached skill level 5 in Shields
  3860 | D:5      | Reached XP level 8. HP: 45/70 MP: 7/7
  4124 | D:5      | Reached skill level 8 in Long Blades
  5525 | D:6      | Found Heiq Fyl's Book Shoppe.
  5562 | D:6      | Found a radiant altar of Vehumet.
  5562 | D:6      | Noticed Blork the orc
  5595 | D:6      | Reached XP level 9. HP: 24/75 MP: 8/8
  5611 | D:6      | Killed Blork the orc
  5612 | D:6      | Reached skill level 9 in Long Blades
  6222 | D:7      | Found a staircase to the Ecumenical Temple.
  6235 | Temple   | Entered the Ecumenical Temple
  6326 | Temple   | Became a worshipper of Warmaster Okawaru
  6400 | D:7      | Noticed a troll
  6401 | D:7      | Noticed a gargoyle
  6492 | D:6      | Killed a gargoyle
  6492 | D:6      | Reached * piety under Okawaru
  6493 | D:6      | Reached skill level 10 in Long Blades
  6709 | D:7      | HP: 2/78 [troll (4)]
  6709 | D:7      | Slain by a water moccasin

Illustrated notes

Levels and vault maps discovered:
D:1:      saegor_arrival_simple_c, layout_basic, minmay_hedge_maze,
          serial_park_tiny_pond, minivault_26, nrook_mini_backslash
D:2:      layout_rooms, serial_forest, infiniplex_forest_end_2,
          infiniplex_forest_clump_cross, infiniplex_forest_lined_room_2,
          infiniplex_forest_straight_2, infiniplex_forest_lined_room_2,
          infiniplex_forest_clump_medium, infiniplex_forest_corner_2,
          uniq_crazy_yiuf_cottage
D:3:      layout_basic, ebering_ecumenical_altar_hall, solitary_fountain,
          corexii_corridor_pit
D:4:      layout_rooms
D:5:      layout_cave_pools, mainiacjoe_overflow_six_doors_small
D:6:      layout_basic, nicolae_vehumet_radiance, serial_shops, shop,
          nicolae_grassy_gnolls, uniq_blork_the_orc
D:7:      layout_loops_corners, minmay_temple_entry_trees, minmay_statues_item,
          minmay_shattered_shrine
Temple:   nicolae_temple_elliptical

Skill      XL: |  1  2  3  4  5  6  7  8  9 |
---------------+----------------------------+-----
Fighting       | 4 5 6 |  6.9
Shields        | 4 5 6 |  6.9
Armour         | 4 5 6 7 8 9 |  9.3
Long Blades    | 3 4 5 6 7 8 10 | 10.1
Dodging        | 1 2 3 |  3.7
Stealth        | 1 |  1.2

Action                   |  1- 3 |  4- 6 |  7- 9 || total
-------------------------+-------+-------+-------++-------
Melee: Long sword        |    76 |    90 |   282 ||   448
       Headbutt          |     9 |    15 |    61 ||    85
Invok: Heroism           |       |       |     1 ||     1
  Use: Potion            |       |       |     3 ||     3
Armor: Scale mail        |    42 |    34 |    70 ||   146
       Chain mail        |       |       |    44 ||    44
       Plate armour      |       |       |    22 ||    22
Dodge: Dodged            |    30 |    49 |   120 ||   199
Block: Buckler           |    17 |    15 |    38 ||    70
       Kite shield       |       |       |    90 ||    90
       Reflection        |       |       |     6 ||     6
